 Dungeon Crawl Stone Soup version 0.28.0-56-g4927b6849a (webtiles) character file.

Game seed: 8419058461652430587

232 Atelerd the Sneak (level 6, -5/37 HPs)
             Began as an Octopode Earth Elementalist on Jan 25, 2023.
             Slain by an ogre
             ... wielding a +0 giant club
              (19 damage)
             ... on level 4 of the Dungeon.
             The game lasted 00:03:22 (1770 turns).

Atelerd the Sneak (Octopode Earth Elementalist)     Turns: 1770, Time: 00:03:23

Health: -5/37      AC:  1    Str:  7    XL:     6   Next: 4%
Magic:  7/10       EV: 13    Int: 20    God:
Gold:   106        SH:  0    Dex: 12    Spells: 2/11 levels left

rFire   . . .      SeeInvis .   a - +0 short sword
rCold   . . .      Faith    .   (no shield)
rNeg    . . .      Spirit   .   (helmet restricted)
rPois   .          Reflect  .   (no amulet)
rElec   .          Harm     .   (no ring)
rCorr   .          Rampage  .   (no ring)
Will    .....                   (no ring)
Stlth   ++++......              (no ring)
HPRegen 0.12/turn               (no ring)
MPRegen 0.12/turn               (no ring)
                                (no ring)
                                (no ring)

@: no status effects
A: almost no armour, amphibious, 8 rings, camouflage 1, gelatinous body 1,
(nimble swimmer 1), tentacles
a: no special abilities


You were on level 4 of the Dungeon.
You visited 1 branch of the dungeon, and saw 5 of its levels.

You collected 106 gold pieces.

Inventory:

Hand Weapons
 a - a +0 short sword (weapon)
Missiles
 b - 46 stones
Scrolls
 c - a scroll of immolation
 e - a scroll of vulnerability
 h - a scroll of fog {unknown}
 k - a scroll of amnesia
Potions
 d - a potion of degeneration {unknown}
 g - a potion of flight {unknown}
 j - a potion of brilliance {unknown}


   Skills:
 - Level 0.5 Fighting
 - Level 1.3 Short Blades
 - Level 2.0 Dodging
 - Level 5.3 Stealth
 + Level 3.1 Spellcasting
 * Level 2.0 Transmutations
 + Level 4.0 Earth Magic


You had 2 spell levels left.
You knew the following spells:

 Your Spells              Type           Power      Damage    Failure   Level
a - Sandblast             Erth           38%        2d10      2%          1
b - Olgreb's Toxic Radia  Pois           3%         N/A       80%         4
p - Petrify               Tmut/Erth      15%        N/A       36%         4

Your spell library contained the following spells:

 Spells                   Type           Power      Damage    Failure   Level
 Passwall                 Tmut/Erth      12%        N/A       6%          2
 Sting                    Tmut/Pois      28%        1d4       10%         1
 Poisonous Vapours        Pois/Air       6%         N/A       22%         2
 Stone Arrow              Conj/Erth      22%        3d8       19%         3


Dungeon Overview and Level Annotations

Branches:
Dungeon (5/15)
 Temple: D:4-7

Altars:
Nemelex Xobeh
Qazlal


Innate Abilities, Weirdness & Mutations

You cannot wear most types of armour.
You are amphibious.
You can wear up to eight rings at the same time.
Your skin changes colour to match your surroundings (Stealth+).
Your rubbery body absorbs attacks. (AC +1, EV +1)
((You are camouflaged when in or above water. (Stealth+)))
You have tentacles for arms and can constrict up to eight enemies at once.


Message History

You kill the adder!
Your Transmutations skill increases to level 2!
Found 2 scrolls of identify.
Found a stone staircase leading down.
An endoplasm comes into view.
Found a scroll labelled QAQEOH FING.
An ogre comes into view. It is wielding a +0 giant club.
Casting: Sandblast (safe; 2% risk of failure)
Confirm with . or Enter, or press ? or * to list all spells.
You can't see any susceptible monsters within range! (Use Z to cast anyway.)
Casting: Sandblast (safe; 2% risk of failure)
Confirm with . or Enter, or press ? or * to list all spells.
Aiming: Sandblast (safe; 2% risk of failure)
Press: ? - help, Shift-Dir - straight line, f - ogre
Aim: an ogre, wielding a +0 giant club (asleep, 100% to hit)
The blast of sand hits the ogre!
The ogre is moderately wounded.
The ogre shouts!
The endoplasm quivers.
Casting: Sandblast (safe; 2% risk of failure)
Confirm with . or Enter, or press ? or * to list all spells.
Aiming: Sandblast (safe; 2% risk of failure)
Press: ? - help, Shift-Dir - straight line, f/p - ogre
Aim: an ogre, wielding a +0 giant club (moderately wounded, 90% to hit)
The blast of sand misses the ogre.
The endoplasm jiggles.
Casting: Sandblast (safe; 2% risk of failure)
Confirm with . or Enter, or press ? or * to list all spells.
Aiming: Sandblast (safe; 2% risk of failure)
Press: ? - help, Shift-Dir - straight line, f/p - ogre
Aim: an ogre, wielding a +0 giant club (moderately wounded, 90% to hit)
The blast of sand hits the ogre!
The ogre is severely wounded.
The ogre hits you with a +0 giant club!!
Ouch! That really hurt!
You barely miss the ogre.
You tentacle-slap the ogre, but do no damage.
The ogre is severely wounded.
The ogre hits you with a +0 giant club!!
Ouch! That really hurt!
You die...

,,,,,,,,,,,* #..##.#
*,* #....
,,,,,,,,,,,* #..##.#
*,* #....
,,,,,,,,,,,* #..##.#
*,* #####
*+********** ##.##.#
*,* * *,* #..#.#
*,******** *,* #..#,#
*,,,,,,,,+ *,* #..#.#
********** *,*
#...?#** * *,*
***#@#....# ********
*+******* #..OJ.....#
*,,,,,,, ,,,,,,,,*
#.........# *,,,,,,,
,,,,,,,,*
#.........#***,,,,,,,
,,,,,,,,*
#......>....,,,,,,,,,
,<,,,,,,*
#......?...##,,,,,,,,
,,,,,,,,*
####+###...#*,,,,,,,,
,,,,,,,,* *,*
*...#*,*******
,,,,,,,,* *,*
*,,,**,*


You could see an ogre and an endoplasm.

Vanquished Creatures
  A water moccasin (D:4)
  A scorpion (D:4)
  2 adders
  2 gnolls
  A dart slug (D:1)
  An endoplasm (D:3)
  3 giant cockroaches
  3 hobgoblins
  3 jackals (D:5)
  2 quokkas
  3 bats
  2 frilled lizards (D:2)
  4 kobolds
  3 rats
31 creatures vanquished.

Vanquished Creatures (others)
  A plant (D:5)
1 creature vanquished.

Grand Total: 32 creatures vanquished

Notes
Turn   | Place    | Note
-------+----------+-------------------------------------------
     0 | D:1      | Atelerd the Octopode Earth Elementalist began the quest for
                  | the Orb.
     0 | D:1      | Reached XP level 1. HP: 11/11 MP: 3/3
    69 | D:1      | Found a faded altar of an unknown god.
   240 | D:1      | Reached skill level 3 in Stealth
   371 | D:1      | Reached XP level 2. HP: 17/17 MP: 3/5
  1067 | D:2      | You fall into a shaft and drop 1 floor!
  1296 | D:3      | Noticed a gnoll sergeant
  1302 | D:3      | Reached XP level 3. HP: 21/21 MP: 3/6
  1332 | D:4      | Noticed a water moccasin
  1332 | D:4      | Noticed a scorpion
  1337 | D:5      | Entered Level 5 of the Dungeon
  1339 | D:5      | Reached skill level 4 in Stealth
  1456 | D:5      | Found a sparkling altar of Nemelex Xobeh.
  1654 | D:4      | Killed a water moccasin
  1655 | D:4      | Reached skill level 1 in Short Blades
  1655 | D:4      | Reached skill level 5 in Stealth
  1655 | D:4      | Reached XP level 4. HP: 21/27 MP: 3/8
  1655 | D:4      | Reached XP level 5. HP: 25/32 MP: 3/9
  1659 | D:4      | Found a stormy altar of Qazlal.
  1704 | D:4      | Learned a level 4 spell: Olgreb's Toxic Radiance
  1709 | D:4      | Learned a level 4 spell: Petrify
  1731 | D:4      | Reached XP level 6. HP: 28/37 MP: 5/10
  1770 | D:4      | Slain by an ogre

Illustrated notes

Levels and vault maps discovered:
D:1:      tarquinn_simple_flora_water_e, layout_basic,
          hellmonk_ecumenical_altar_blasted, minmay_misc_feat_more_columns,
          minmay_curled_crystal, chequers_garden
D:2:      layout_rooms, basic_altar
D:3:      layout_loops_cross, grunt_temple_overflow_diamond
D:4:      layout_basic, lemuel_crystal_altar, cheibrodos_sewer_entry_bend
D:5:      corexii_shack_village, layout_basic,
          lemuel_mausoleum_altar_yredelemnul, nemelex_diamond_rough_becter,
          minmay_temple_entry_drinking_statues, minmay_statues_item,
          uniq_sigmund, uniq_menkaure, uniq_prince_ribbit1

Skill      XL: |  1  2  3  4  5  6 |
---------------+-------------------+-----
Stealth        | 3 5 |  5.3
Short Blades   | 1 |  1.3
Spellcasting   | 3 |  3.1
Earth Magic    | 4 |  4.0
Transmutations | 2 |  2.0
Fighting       | |  0.5
Dodging        | |  2.0

Action                   |  1- 3 |  4- 6 || total
-------------------------+-------+-------++-------
Melee: Short sword       |    27 |     4 ||    31
       Constrict         |    10 |     2 ||    12
       Unarmed           |     1 |       ||     1
       Tentacles         |     5 |     3 ||     8
       Punch             |       |     1 ||     1
 Cast: Sandblast         |    20 |     7 ||    27
  Use: Scroll            |       |     4 ||     4
 Stab: Sleeping          |    13 |     1 ||    14
Armor: Skin              |     3 |       ||     3
Dodge: Dodged            |    20 |     4 ||    24
